 Dungeon Sprint DCSS version bcrawl-1.12-11-gb93c957c58 (webtiles) character file.

Game seed: 17008101805366683078

1600000 Groucho the Acrobat (level 14, -44/85 HPs)
             Began as a Demonspawn Rogue on July 9, 2019.
             Was a Follower of Makhleb.
             Annihilated by a meat berserker
             ... wielding a +9 battleaxe
              (63 damage)
             ... in the Dungeon (Sprint VIII: "Arena of Blood").
             The game lasted 00:01:06 (16 turns).

Groucho the Acrobat (Demonspawn Rogue)                Turns: 16, Time: 00:01:06

Health: -44/85     AC:  3    Str: 13    XL:     14   Next: 29%
Magic:  0/15       EV: 32    Int: 13    God:    Makhleb [*.....]
Gold:   0          SH:  0    Dex: 18    Spells: 13/13 levels left

rFire    . . .     SeeInvis .   o - +∞ Axe of Woe
rCold    . . .     Gourm    .   (shield currently unavailable)
rNeg     . . .     Faith    .   c - +0 robe
rPois    .         Spirit   +   (no helmet)
rElec    .         Reflect  .   d - +0 cloak
rCorr    .         Harm     .   (gloves unavailable)
MR       +....     NoTele   +   (no boots)
Stlth    +++.......             (no amulet)
HPRegen  0.24/turn              (no ring)
MPRegen  0.28/turn              (no ring)

@: no status effects
A: claws 3, powered by death 1, magic shield, magic regeneration, sturdy frame 2
a: Renounce Religion


You were in the Dungeon.
You worshipped Makhleb.
Makhleb was aware of your devotion.
You were not hungry.

You visited 1 branch

Inventory:

Hand Weapons
 a - a +2 dagger
 b - a +0 blowgun
 o - the +∞ Axe of Woe (weapon)
   (You found it in the Dungeon)
Missiles
 e - 80 poisoned needles
Armour
 c - a +0 robe (worn)
 d - a +0 cloak (worn)
Wands
 f - a wand of flame (15)
 g - a wand of enslavement (15)
Scrolls
 n - a scroll of blinking
Potions
 i - a potion of curing
 j - a potion of heal wounds
 k - a potion of haste
 l - 2 potions of magic
 m - a potion of berserk rage
Comestibles
 h - a ration {!d}


   Skills:
 - Level 1.7 Short Blades
 + Level 23.7 Axes
 - Level 1.7 Throwing
 + Level 23.7 Dodging
 - Level 4.0 Stealth
 - Level 2.0 Evocations


You had 13 spell levels left.
You didn't know any spells.
Your spell library was empty.

Dungeon Overview and Level Annotations

Branches:
Dungeon (1/1)

Altars:
Makhleb


Innate Abilities, Weirdness & Mutations

You have claws for hands.
You regenerate a little health from kills.
When hurt, damage is shared between your health and your magic reserves.
You regenerate magic rapidly.
Your movements are less encumbered by armour. (ER -4)


Message History

A bag of meat comes into view. It is wielding a +9 war axe.
You hear a shout! x9
Unknown command.
Unknown command.
Unknown command.
There are monsters nearby!
The bag of meat shouts!
You hear a shout! x8
The meat berserker appears out of thin air!
A meat berserker comes into view. It is wielding a +9 battleaxe.
The bag of meat appears out of thin air!
A bag of meat comes into view. It is wielding a +9 war axe.
The meat berserker shouts!
The bag of meat shouts!
You hear a shout! x6
The meat berserker rages.
You hear a shout! x2
A meat berserker comes into view. It is wielding a +9 battleaxe.
You hear a shout! x3
You hear a shout! x3
The meat berserker hits you with a +9 battleaxe!!!
Ouch! That really hurt!
You die...

.. ..... #..
...# #.. ...# .
.###.. ...###O.
......###......
......_.....
#.....# #_)<)_#
#.O@..#
......o_O......
......###.o....
.###.. ...###..
#.. ...# . #.
...# .. .....
.. ..


You could see 2 meat berserkers and 2 bags of meat.

Vanquished Creatures
  An ogre (D)
  2 orcs (D)
3 creatures vanquished.

Notes
Turn   | Place    | Note
-------+----------+-------------------------------------------
     0 | D        | Found the +∞ Axe of Woe
     0 | D        | Groucho the Demonspawn Rogue began the quest for the Orb.
     0 | D        | Reached XP level 1. HP: 13/13 MP: 2/2
     2 | D        | Noticed a bag of meat
     4 | D        | Became a worshipper of Makhleb the Destroyer
     6 | D        | Noticed a bag of meat
     7 | D        | Noticed a bag of meat
    10 | D        | Noticed a meat berserker
    12 | D        | Killed a bag of meat
    12 | D        | Gained mutation: Your movements are slightly less
                  | encumbered by armour. (ER -2) [demonic ancestry]
    12 | D        | Reached XP level 2. HP: 19/19 MP: 3/3
    12 | D        | Gained mutation: When hurt, damage is shared between your
                  | health and your magic reserves. [demonic ancestry]
    12 | D        | Reached XP level 3. HP: 24/24 MP: 4/4
    12 | D        | Reached XP level 4. HP: 30/30 MP: 5/5
    12 | D        | Gained mutation: You regenerate magic rapidly. [demonic
                  | ancestry]
    12 | D        | Reached XP level 5. HP: 35/35 MP: 6/6
    12 | D        | Gained mutation: You regenerate a little health from kills.
                  | [demonic ancestry]
    12 | D        | Reached XP level 6. HP: 41/41 MP: 7/7
    12 | D        | Reached XP level 7. HP: 46/46 MP: 8/8
    12 | D        | Gained mutation: Your movements are less encumbered by
                  | armour. (ER -4) [demonic ancestry]
    12 | D        | Reached XP level 8. HP: 52/52 MP: 9/9
    12 | D        | Reached XP level 9. HP: 57/57 MP: 10/10
    12 | D        | Reached XP level 10. HP: 63/63 MP: 11/11
    12 | D        | Reached XP level 11. HP: 68/68 MP: 12/12
    13 | D        | Noticed a meat berserker
    13 | D        | Killed a bag of meat
    13 | D        | Reached * piety under Makhleb
    13 | D        | Gained mutation: You have sharp fingernails. [demonic
                  | ancestry]
    13 | D        | Reached XP level 12. HP: 15/74 MP: 2/13
    13 | D        | Killed a meat berserker
    13 | D        | Gained mutation: You have very sharp fingernails. [demonic
                  | ancestry]
    13 | D        | Reached XP level 13. HP: 16/79 MP: 2/14
    13 | D        | Gained mutation: You have claws for hands. [demonic
                  | ancestry]
    13 | D        | Reached XP level 14. HP: 18/85 MP: 2/15
    14 | D        | Noticed a bag of meat
    15 | D        | Noticed a meat berserker
    15 | D        | Noticed a bag of meat
    15 | D        | Noticed a meat berserker
    16 | D        | Annihilated by a meat berserker

Skill      XL: |  1  2  3  4  5  6  7  8  9 10 11 12 |
---------------+-------------------------------------+-----
Axes           | 18 20 23 | 23.7
Dodging        | 18 20 23 | 23.7
Short Blades   | |  1.7
Throwing       | |  1.7
Stealth        | |  4.0
Evocations     | |  2.0

Action                   |  1- 3 |  4- 6 |  7- 9 | 10-12 | 13-15 || total
-------------------------+-------+-------+-------+-------+-------++-------
Melee: Executioner's axe |     1 |       |       |     1 |       ||     2
